 Dungeon Crawl Stone Soup version 0.31-a0-620-gd1cbd99268 (webtiles) character file.

Game seed: 9031850748273816602

1895700 Flugkiller the Sensei (level 24, 211/211 HPs)
             Began as an Octopode Shapeshifter on Aug 23, 2023.
             Was the Champion of Ru.
             Escaped with the Orb
             ... and 3 runes!
             The game lasted 01:30:28 (51115 turns).

Flugkiller the Sensei (Octopode Shapeshifter)      Turns: 51115, Time: 01:30:28

Health: 211/211    AC: 20    Str: 16    XL:     24   Next: 78%
Magic:  23/23      EV: 70    Int: 10    God:    Ru [******]
Gold:   4991       SH:  0    Dex: 36    Spells: 23/23 levels left

rFire   + .          .
                       - Unarmed
rCold   + + +        (shield currently unavailable)
rNeg    . . .        B - melded +2 hat
rPois   ∞            Q - amulet of regeneration
rElec   +            e - +6 ring of dexterity
rCorr   +            p - +4 ring of protection
SInv    .            o - +5 ring of evasion
Will    +....        K - +6 ring of strength
Stlth   +            a - +4 ring of protection
HPRegen 1.35/turn    v - +5 ring of evasion
MPRegen 0.18/turn    f - ring of protection from fire
                     N - ring "Leostraw" {rC+++ rCorr Str-4 Dex+6 Stlth-}

%: clarity
@: storm-form, flying
A: cleaving, insubstantial, flying, almost no armour, amphibious, 8 rings,
(camouflage 1), weak 1, (gelatinous body 1), no potion heal 1, inability to use
devices, hated by all, no air magic, no conjurations magic, no transmutations
magic, inexperienced 1, (nimble swimmer 1), (tentacles), agile 1, clarity,
(poison resistance), robust 1
0: Orb of Zot
}: 3/15 runes: decaying, abyssal, gossamer
a: Blinkbolt, Begin Untransformation, Renounce Religion, Draw Out Power, Power
Leap, Apocalypse


You escaped.
You worshipped Ru.
Ru was exalted by your worship.
You were a lightning-filled tempest!
You visited 8 branches of the dungeon, and saw 43 of its levels.
You visited the Abyss 2 times.
You visited 1 bazaar.
You also visited: Gauntlet and Ice Cave.

You collected 6557 gold pieces.
You spent 1566 gold pieces at shops.

Inventory:

Hand Weapons
 r - the +7 rapier of Dishonesty {chaos, Will+ Str-4 Dex+3}
   (You subdued it on level 2 of the Realm of Zot)

   Str-4:     It affects your strength (-4).
   Dex+3:     It affects your dexterity (+3).
   Will+:     It increases your willpower.
Missiles
 E - 10 curare-tipped darts
 I - 5 throwing nets
Armour
 B - a +2 hat (melded)
   (You found it on level 4 of the Dungeon)
Jewellery
 a - a +4 ring of protection (on tentacle)
   (You bought it in a shop on level 5 of the Dungeon)
 b - a ring of willpower
   (You bought it in a shop on level 5 of the Dungeon)
 c - a +4 ring of protection
   (You took it off a red draconian on level 2 of the Realm of Zot)
 e - a +6 ring of dexterity (left tentacle)
   (You took it off a hobgoblin on level 1 of the Dungeon)
 f - a ring of protection from fire (on tentacle)
   (You acquired it on level 2 of the Depths)
 m - a ring of willpower
   (You found it on level 3 of the Depths)
 o - a +5 ring of evasion (on tentacle)
   (You found it on level 2 of the Vaults)
 p - a +4 ring of protection (right tentacle)
   (You found it on level 4 of the Dungeon)
 v - a +5 ring of evasion (on tentacle)
   (You bought it in a shop on level 5 of the Dungeon)
 C - an amulet of guardian spirit
   (You found it on level 4 of the Realm of Zot)
 K - a +6 ring of strength (on tentacle)
   (You found it on level 9 of the Dungeon)
 N - the ring "Leostraw" (on tentacle) {rC+++ rCorr Str-4 Dex+6 Stlth-}
   (You found it in a Gauntlet)

   [ring of dexterity]

   Str-4:     It affects your strength (-4).
   Dex+6:     It affects your dexterity (+6).
   rC+++:     It renders you almost immune to cold.
   rCorr:     It protects you from acid and corrosion.
   Stlth-:    It makes you less stealthy.
 P - a +4 ring of protection
   (You found it in a Gauntlet)
 Q - an amulet of regeneration (around neck)
   (You bought it in a shop on level 5 of the Dungeon)
Talismans
 s - a storm talisman (active)
   (You took it off Sojobo on level 1 of the Depths)
 D - a blade talisman
   (You found it on level 4 of the Lair of Beasts)
 H - a talisman of death
   (You found it on level 5 of the Realm of Zot)
Scrolls
 i - 7 scrolls of fear
 k - a scroll of vulnerability
 t - 8 scrolls of teleportation
 u - 8 scrolls of enchant armour
 y - 8 scrolls of poison
 z - 6 scrolls of blinking
 M - 10 scrolls of fog
 S - 4 scrolls of immolation
Potions
 d - 6 potions of might
 g - 5 potions of enlightenment
 h - 7 potions of haste
 j - 2 potions of invisibility
 l - 17 potions of brilliance
 n - 2 potions of resistance
 q - 18 potions of curing
 w - 5 potions of heal wounds
 x - 5 potions of cancellation
 A - 3 potions of berserk rage
 F - 3 potions of attraction
 G - 3 potions of magic
 J - 3 potions of ambrosia
 L - 7 potions of mutation
 O - 10 potions of lignification


   Skills:
 + Level 23.3 Fighting
 - Level 20.0 Dodging
 - Level 4.0 Stealth
 + Level 23.3 Unarmed Combat
 - Level 23.0 Shapeshifting


You had 23 spell levels left.
You didn't know any spells.
Your spell library contained the following spells:

 Spells                   Type           Power      Damage    Failure   Level
 Apportation              Tloc           0%         N/A       36%         1
 Freeze                   Ice            0%         1d3       36%         1
 Necrotise                Necr           0%         1d4       36%         1
 Slow                     Hex            0%         N/A       36%         1
 Blink                    Tloc           0%         N/A       50%         2
 Ensorcelled Hibernation  Hex/Ice        0%         N/A       50%         2
 Scorch                   Fire           0%         2d5       50%         2
 Confusing Touch          Hex            0%         N/A       75%         3
 Frozen Ramparts          Ice            0%         1d1       75%         3
 Gell's Gravitas          Tloc           0%         N/A       75%         3
 Inner Flame              Hex/Fire       0%         N/A       75%         3
 Portal Projectile        Hex/Tloc       0%         N/A       75%         3
 Teleport Other           Tloc           0%         N/A       75%         3
 Vampiric Draining        Necr           0%         2d6       75%         3
 Volatile Blastmotes      Fire/Tloc      0%         2d10      75%         3
 Leda's Liquefaction      Hex/Erth       0%         N/A       98%         4
 Manifold Assault         Tloc           0%         N/A       98%         4
 Agony                    Necr           0%         N/A       100%        5
 Borgnjor's Vile Clutch   Necr/Erth      0%         N/A       100%        5
 Dispersal                Tloc           0%         N/A       100%        6
 Enfeeble                 Hex            0%         N/A       100%        7
 Magic Dart               Conj           Unusable   1d3       N/A         1
 Summon Small Mammal      Summ           Unusable   N/A       N/A         1
 Call Imp                 Summ           Unusable   N/A       N/A         2
 Passwall                 Tmut/Erth      Unusable   N/A       N/A         2
 Sublimation of Blood     Necr           Unusable   N/A       N/A         2
 Call Canine Familiar     Summ           Unusable   N/A       N/A         3
 Hailstorm                Conj/Ice       Unusable   3d3       N/A         3
 Mephitic Cloud           Conj/Pois/Air  Unusable   N/A       N/A         3
 Swiftness                Air            Unusable   N/A       N/A         3
 Tukima's Dance           Hex            Unusable   N/A       N/A         3
 Vhi's Electric Charge    Tloc/Air       Unusable   N/A       N/A         3
 Animate Dead             Necr           Unusable   N/A       N/A         4
 Fulminant Prism          Conj/Hex       Unusable   3d5       N/A         4
 Iskenderun's Mystic Bla  Conj/Tloc      Unusable   2d3       N/A         4
 Petrify                  Tmut/Erth      Unusable   N/A       N/A         4
 Alistair's Intoxication  Tmut/Pois      Unusable   N/A       N/A         5
 Arcjolt                  Conj/Air       Unusable   1d10      N/A         5
 Irradiate                Conj/Tmut      Unusable   3d11      N/A         5
 Yara's Violent Unravell  Hex/Tmut       Unusable   3d3       N/A         5
 Death Channel            Necr           Unusable   N/A       N/A         6
 Starburst                Conj/Fire      Unusable   6d3       N/A         6
 Summon Hydra             Summ           Unusable   N/A       N/A         7

Dungeon Overview and Level Annotations

Branches:
Dungeon (15/15)            Temple (0/1) D:6            Lair (5/5) D:10
  Swamp (4/4) Lair:2       Spider (4/4) Lair:3          Orc (2/2) D:9
    Elf (0/3) Orc:2        Vaults (4/5) D:14          Crypt (0/3) Vaults:3
 Depths (4/4) D:15            Zot (5/5) Depths:4      IceCv (visited)
Gauntlet (visited)
  Slime: Lair:4-5

Altars:
Cheibriados
Dithmenos
Elyvilon
Gozag
Kikubaaqudgha
Makhleb
Nemelex Xobeh
Okawaru
Qazlal
Ru
Sif Muna
Trog
Uskayaw
Vehumet
Xom
The Shining One

Shops:
D:5 =   D:7 :   Orc:1 (   Orc:2 [:*[   Depths:2 [

Portals:
Hell: Depths:1 Depths:2 Depths:3 Depths:4
Abyss: Depths:3
Pandemonium: Depths:2
Ziggurat: Depths:1

Annotations:
D:7 3 runed translucent doors, MrCrawl's ghost, novice TeFE; naelc's ghost, novice FoFi
Lair:1 exclusion: oklob plant
Lair:2 1 runed translucent door
Lair:4 exclusion: 2 oklob plants
Spider:3 1 runed translucent door, Sapher's ghost, journeyman SpDe
Orc:1 1 transporter
Vaults:1 3 runed translucent doors, Kejiv's ghost, adept AtNe
Zot:1 3 transporters


Innate Abilities, Weirdness & Mutations

You are a lightning-filled tempest!
Your electrical attacks strike out in all directions at once.
You are incredibly evasive.
Your insubstantial body is immune to petrification, constriction, and being set on fire You are flying.
Your armour is entirely melded.
You are incapable of wielding weapons or throwing items.
You cannot wear most types of armour.
You are amphibious.
You can wear up to eight rings at the same time.
You are immune to poison.
((Your skin changes colour to match your surroundings (Stealth+).))
You are weak. (Str -2)
((Your rubbery body absorbs attacks. (AC +1, EV +1)))
Potions are less effective at restoring your health.
You cannot study or use magical devices.
You are hated by all.
You cannot study or cast Air magic.
You cannot study or cast Conjurations magic.
You cannot study or cast Transmutations magic.
You are somewhat inexperienced. (-1 XL)
((You are camouflaged when in or above water. (Stealth+)))
((You have tentacles for arms and can constrict up to eight enemies at once.))
You are agile. (Dex +4, Str/Int -1)
You possess an exceptional clarity of mind.
((Your system is resistant to poisons. (rPois)))
You are robust. (+10% HP)


Message History

You focus your inner power and illuminate Qavizuro in retribution!
You barely miss Qavizuro. You punch Qavizuro.
Qavizuro is almost dead.
You batter the golden eye!!
Lightning courses through the golden eye!!
You kill the golden eye!
The golden eye disappears in a puff of smoke!
You completely miss Qavizuro.
Qavizuro is almost dead.
Qavizuro begins to attack, but is stunned by your conviction!
You barely miss Qavizuro.
Qavizuro is almost dead.
Qavizuro completely misses you.
You buffet Qavizuro!
Your punch misses Qavizuro.
Qavizuro is almost dead.
You batter Qavizuro!!
You kill Qavizuro!
No target in view!
You are no longer firmly anchored in space.
There is a stone staircase leading up here.
You fly upwards.
There is a stone staircase leading down here.
There is a stone staircase leading up here.
You fly upwards.
There is a stone staircase leading down here.
An Executioner comes into view.
The Executioner gestures.
The Executioner seems to speed up.
A large abomination comes into view.
The Executioner completely misses you. x2; The Executioner misses you. x2
The Executioner completely misses you.
The Executioner hits you but does no damage.
The Executioner completely misses you. x3
The Executioner completely misses you. x3
The Executioner is stunned by your conviction and fails to attack.
There is a stone staircase leading up here.
You blast the Executioner!!!
The Executioner is almost dead.
The Executioner completely misses you. x4
The Executioner hits you but does no damage.
The Executioner completely misses you.
You batter the Executioner!!
You kill the Executioner!
No target in view!
You fly upwards.
There is a stone staircase leading down here.
There is a stone staircase leading up here.
You fly upwards.
There is a stone staircase leading down here.
An Ojuwn and an orange demon come into view.
Press: ? - help, v - describe, . - travel
Here: Ojuwn The floor.
Ojuwn moves out of view.
The orange demon moves out of view.
The orange demon screeches!
The orange demon completely misses you.
You blast Ojuwn!!!
You punch Ojuwn!
Ojuwn is moderately wounded.
You hit Ojuwn. You punch Ojuwn!
Ojuwn is heavily wounded.
Ojuwn completely misses you. The orange demon completely misses you.
You blast Ojuwn!!!
Ojuwn is severely wounded.
Ojuwn gestures at you. The bolt of energy misses you.
You blast Ojuwn!!!
Ojuwn is almost dead.
Ojuwn gestures at you. The bolt of energy misses you.
The orange demon completely misses you.
You hit Ojuwn. You punch Ojuwn, but do no damage.
Ojuwn is almost dead.
Ojuwn gestures at you. The entropic shot hits you!
You batter Ojuwn!!
You kill Ojuwn!
The orange demon stings you but does no damage.
The orange demon completely misses you. x2
You barely miss the orange demon. You punch the orange demon.
The orange demon is lightly wounded.
You buffet the orange demon!
The orange demon is moderately wounded.
The orange demon misses you. The orange demon completely misses you.
You blast the orange demon!!!!
Lightning courses through the orange demon!
You kill the orange demon!
No target in view!
No target in view!
A Kycwat and a small abomination come into view.
Press: ? - help, v - describe, . - travel
Here: Kycwat The floor.
Kycwat gestures.
Kycwat flickers and vanishes!
Deactivating autopickup; reactivate with Ctrl-A.
There is an open door here.
There is a staircase leading out of the dungeon here.
Unknown command.
Unknown command.
Enter note: gg You have escaped!

........#
#...##...
........#
#......##
........#
###....#.##
........#####
#......#.##
............#
#####.##...#.##
............#
####...x{#....#...
##..........#
#....####.x...##.#
......#######
#'#..####........#
...........#
#v#....##.......##
...........#
#'#.##.##....x..#
...........#
#...##.##.#....##
...........#
######....#....#
...........#
######.######
...........#
#.#.....
......†.÷÷.###
#.#.....
....[........#
#.#.....
..[..........#
##.#.....


There were no monsters in sight!

Vanquished Creatures
  2 dread liches (Zot:5)
  5 orbs of fire
  Mara (Spider:3)
  6 ancient liches
  The ghost of Vanouxzi the Tainted, a master DsGl of Yredelemnul (Zot:2)
  Sojobo (Depths:1)
  Parghit (Zot:1)
  Saint Roka (Vaults:1)
  3 Killer Klowns
  3 caustic shrikes (Depths:3)
  13 golden dragons
  2 pandemonium lords
  3 bone dragons
  4 electric golems
  10 tentacled monstrosities
  A Hell Sentinel (D:11)
  A lich (Vaults:1)
  Asterion (Spider:3)
  2 walking divine tomes (Depths:3)
  4 quicksilver dragons
  2 walking frostbound tomes (Depths:3)
  25 Orb Guardians (Zot:5)
  2 titans (Depths:3)
  A tentacled starspawn (Abyss:3)
  8 sphinxes
  2 Executioners
  Frances (Swamp:2)
  7 death cobs
  13 shadow dragons
  2 fenstrider witches
  13 storm dragons
  7 draconian knights
  4 tengu reavers
  9 draconian monks
  8 frost giants
  6 fire giants
  5 emperor scorpions (Spider:4)
  14 vault wardens
  4 ghost moths
  2 orc warlords
  3 draconian shifters
  6 draconian annihilators
  2 draconian stormcallers (Zot:5)
  2 formless jellyfish
  17 ironbound preservers
  11 very ugly things
  A spriggan defender (Depths:3)
  6 ironbound thunderhulks
  16 stone giants
  3 war gargoyles (Vaults:4)
  2 vampire knights (Depths:3)
  Nessos (D:12)
  4 eleionomae (Swamp:1)
  9 black draconians
  9 green draconians
  2 bunyips
  10 white draconians
  A minotaur (Gauntlet)
  11 spark wasps
  12 purple draconians
  8 yellow draconians
  6 dire elephants
  15 red draconians
  14 ettins
  A deep elf death mage (Vaults:4)
  A merfolk javelineer (Depths:2)
  2 crystal guardians (Vaults:3)
  3 green deaths
  A merfolk impaler (Depths:2)
  9 fire dragons
  11 entropy weavers
  Josephine (Lair:5)
  19 yaktaur captains
  A blizzard demon (Gauntlet)
  5 great orbs of eyes
  A shambling mangrove (Swamp:2)
  4 spriggan air magi
  6 ice dragons
  7 vault guards
  A ghost crab (Swamp:1)
  10 hydras
  2 hell beasts
  3 peacekeepers
  4 catoblepae
  10 ironbound frosthearts
  A jorogumo (Spider:4)
  15 centaur warriors
  4 boulder beetles
  3 two-headed ogres
  9 alligators
  3 radroaches
  3 dancing weapons
  12 deep troll earth magi
  3 orc high priests (Orc:2)
  6 death yaks (Lair:5)
  6 deep troll shamans
  10 tengu warriors
  3 vampire magi
  5 thrashing horrors (Abyss:3)
  3 demonic crawlers
  19 spriggans
  8 spriggan berserkers
  6 hell knights (Depths:1)
  A fire crab (Lair:5)
  A sun demon (Depths:2)
  2 sixfirhies (D:12)
  4 skeletal warriors (D:13)
  6 spatial maelstroms (Abyss:3)
  Lodul (D:10)
  A wretched star (Abyss:3)
  7 iron trolls
  A death drake (Swamp:2)
  7 pharaoh ants
  A salamander mystic (Depths:4)
  3 flayed ghosts
  2 goliath frogs (Swamp:2)
  12 orb spiders
  A sun moth (Spider:3)
  51 deep trolls
  3 glowing orange brains
  A glowing orange brain (shapeshifter) (Depths:4)
  7 spriggan druids
  A tengu zombie (Vaults:3)
  12 swamp dragons
  8 wizards
  9 steelbarb worms
  4 bog bodies
  11 lindwurms
  9 orc knights
  17 ironbound convokers
  5 orc sorcerers
  8 necromancers
  3 deep elf pyromancers
  2 starcursed masses (Abyss:3)
  4 manticores
  4 harpies (Vaults:3)
  45 ugly things
  20 wolf spiders
  4 will-o-the-wisps
  A cyclops (D:12)
  33 moths of wrath
  3 salamanders (Depths:4)
  A fire giant skeleton (Vaults:3)
  14 elephants
  27 vault sentinels
  A human skeleton (Vaults:4)
  A black mamba (shapeshifter) (D:15)
  A rust devil (Depths:2)
  A guardian serpent (shapeshifter) (D:13)
  A molten gargoyle (D:10)
  2 black mambas
  Joseph (Lair:1)
  A torpor snail (shapeshifter) (Depths:1)
  3 orange demons
  10 cane toads
  An ice statue (IceCv)
  4 gargoyles
  3 torpor snails
  A kobold demonologist (D:11)
  An unseen horror (D:13)
  Maggie (Lair:1)
  3 rime drakes
  3 tengu conjurers
  A yaktaur zombie (Vaults:4)
  2 anaconda simulacra (IceCv)
  7 komodo dragons
  5 freezing wraiths
  24 yaktaurs
  An ancient zyme (Abyss:1)
  17 ice devils
  5 meliai
  A hellwing (Depths:2)
  A troll (shapeshifter) (Depths:3)
  5 trolls
  2 polar bears (Lair:5)
  17 hornets
  12 tyrant leeches
  29 tarantellas
  2 raiju
  18 blink frogs
  A frost giant simulacrum (Vaults:3)
  11 dream sheep (Lair:5)
  A snapping turtle (shapeshifter) (D:15)
  17 culicivoras
  26 jumping spiders
  A centaur simulacrum (D:15)
  A dire elephant simulacrum (IceCv)
  32 slime creatures
  8 water elementals
  35 yaks
  6 shadows
  4 vampires
  5 wyverns
  2 basilisks (Lair:3)
  7 wraiths
  2 neqoxecs (Abyss:3)
  A redback (shapeshifter) (Depths:2)
  A yaktaur simulacrum (Vaults:3)
  47 redbacks
  4 steam dragons
  2 wargs
  6 death yak simulacra (IceCv)
  11 spatial vortices (Abyss:3)
  8 vampire mosquitoes (D:13)
  A harpy simulacrum (IceCv)
  13 swamp worms
  A naga (shapeshifter) (Depths:4)
  11 water moccasins
  A glowing shapeshifter zombie (Vaults:4)
  3 acid dragons (D:11)
  2 floating eyes
  2 hydra simulacra (IceCv)
  3 small abominations
  2 swamp drakes (Swamp:1)
  2 ice beasts (D:5)
  5 large abominations
  29 orc warriors
  A sky beast (D:5)
  A black bear (D:8)
  7 ogres
  9 boggarts
  10 wolves
  A phantom (D:7)
  7 centaurs
  2 kobold brigands
  10 bullfrogs
  2 scorpions
  5 cane toad simulacra (IceCv)
  A wight (D:5)
  An elephant simulacrum (IceCv)
  3 killer bees (D:9)
  5 electric eels
  4 howler monkeys
  2 hounds
  2 human simulacra
  2 gnoll boudas
  19 orc priests
  2 sleepcaps
  4 iguanas (D:5)
  13 orc wizards
  4 hell rats (Lair:1)
  Terence (D:2)
  4 polar bear simulacra (IceCv)
  A spriggan simulacrum (IceCv)
  2 troll simulacra (IceCv)
  3 wolf simulacra (IceCv)
  7 adders
  5 gnolls (D:9)
  A naga simulacrum (IceCv)
  A shadow imp (D:7)
  6 white imps
  2 ufetubi
  5 dart slugs
  5 worms
  62 orcs
  3 bats (D:2)
  6 endoplasms
  4 giant cockroaches
  3 goblins
  12 hobgoblins
  9 jackals
  15 kobolds
  4 quokkas
  2 ball pythons
  A frilled lizard (shapeshifter) (D:14)
  4 frilled lizards
  12 rats
  A spectral weapon (Spider:3)
  2 starspawn tentacles (Abyss:3)
1751 creatures vanquished.

Vanquished Creatures (others)
  A Killer Klown (Zot:5)
  2 death cobs
  An emperor scorpion (Spider:4)
  A ghost moth (Zot:3)
  A spriggan defender (Depths:3)
  A draconian annihilator (Zot:5)
  An ironbound thunderhulk (Vaults:4)
  2 ettins (Depths:3)
  2 yaktaur captains (Vaults:4)
  A vault guard (Vaults:4)
  A centaur warrior (D:15)
  An alligator (Swamp:1)
  A two-headed ogre (D:11)
  2 deep trolls
  A swamp dragon (Swamp:4)
  A meliai (D:14)
  2 bloated husks (Swamp:2)
  A hornet (Swamp:2)
  A jumping spider (Spider:3)
  A water elemental (Depths:2)
  A redback (Spider:4)
  A death yak simulacrum (IceCv)
  An ogre (D:10)
  A centaur (D:14)
  3 orcs
  8 foxfires
  A starspawn tentacle (Abyss:3)
41 creatures vanquished.

Grand Total: 1792 creatures vanquished

Notes
Turn   | Place    | Note
-------+----------+-------------------------------------------
     0 | D:1      | Flugkiller the Octopode Shapeshifter began the quest for
                  | the Orb.
     0 | D:1      | Reached XP level 1. HP: 13/13 MP: 1/1
    51 | D:1      | Reached skill level 1 in Stealth
   187 | D:1      | Reached XP level 2. HP: 19/19 MP: 2/2
   329 | D:1      | Reached XP level 3. HP: 22/24 MP: 3/3
   783 | D:2      | Noticed Terence
   826 | D:2      | Killed Terence
   827 | D:2      | Reached XP level 4. HP: 11/29 MP: 4/4
  1379 | D:3      | Found a sparkling altar of Nemelex Xobeh.
  1463 | D:3      | Reached XP level 5. HP: 32/34 MP: 5/5
  1574 | D:3      | Found a large runed translucent door.
  1574 | D:3      | Found a large runed translucent door.
  1648 | D:3      | Found a shadowy altar of Dithmenos.
  1686 | D:3      | You fall into a shaft and drop 2 floors!
  1686 | D:5      | Entered Level 5 of the Dungeon
  1770 | D:4      | Found a glowing golden altar of the Shining One.
  2413 | D:3      | Found a sacrificial altar of Ru.
  2428 | D:3      | Found a burning altar of Makhleb.
  2470 | D:3      | Became a worshipper of Ru the Awakened
  2691 | D:4      | Found an ancient bone altar of Kikubaaqudgha.
  3029 | D:5      | Noticed an ice beast
  3169 | D:5      | Reached XP level 6. HP: 34/39 MP: 6/6
  3194 | D:5      | Found Buikuvvouxt's Jewellery Boutique.
  3202 | D:5      | Reached skill level 5 in Dodging
  3287 | D:5      | Noticed a water moccasin
  3308 | D:5      | Noticed a water moccasin
  3422 | D:5      | Noticed an ice beast
  3594 | D:5      | Found a stormy altar of Qazlal.
  3594 | D:5      | Noticed a sky beast
  3596 | D:5      | Gained mutation: Your system is resistant to poisons.
                  | (rPois) [potion of mutation]
  3596 | D:5      | Gained mutation: You are agile. (Dex +4, Str/Int -1)
                  | [potion of mutation]
  3596 | D:5      | Gained mutation: You possess an exceptional clarity of
                  | mind. [potion of mutation]
  3596 | D:5      | Gained mutation: You are robust. (+10% HP) [potion of
                  | mutation]
  3617 | D:5      | Killed a sky beast
  3618 | D:5      | Reached XP level 7. HP: 45/50 MP: 7/7
  3957 | D:5      | Reached skill level 5 in Unarmed Combat
  3994 | D:5      | Reached skill level 5 in Fighting
  3994 | D:5      | Reached XP level 8. HP: 49/60 MP: 8/8
  4134 | D:5      | Reached skill level 5 in Shapeshifting
  4333 | D:6      | Gained mutation: You cannot study or cast Air magic. [Ru
                  | sacrifice]
  4333 | D:6      | Gained mutation: You cannot study or cast Transmutations
                  | magic. [Ru sacrifice]
  4333 | D:6      | Gained mutation: You cannot study or cast Conjurations
                  | magic. [Ru sacrifice]
  4333 | D:6      | Reached * piety under Ru
  4585 | D:6      | Found a staircase to the Ecumenical Temple.
  4676 | D:6      | Found a basalt altar of Yredelemnul.
  4690 | D:6      | Found a white marble altar of Elyvilon.
  5302 | D:7      | Found Jesa's Book Boutique.
  5314 | D:7      | Reached XP level 9. HP: 67/67 MP: 9/9
  5315 | D:7      | Found a hide-covered altar of Uskayaw.
  5518 | D:7      | Noticed a cyan ugly thing
  5724 | D:7      | Found a runed translucent gate.
  5724 | D:7      | Found a runed translucent gate.
  5725 | D:7      | Found a runed translucent gate.
  5726 | D:7      | Noticed MrCrawl's ghost (novice TeFE)
  5726 | D:7      | Noticed naelc's ghost (novice FoFi)
  5911 | D:8      | Noticed a deep elf pyromancer
  5946 | D:8      | Killed a deep elf pyromancer
  6232 | D:8      | Found a snail-covered altar of Cheibriados.
  6316 | D:8      | Found an opulent altar of Gozag.
  6569 | D:9      | Noticed a troll
  6779 | D:9      | Reached XP level 10. HP: 62/75 MP: 10/10
  6815 | D:9      | Found a radiant altar of Vehumet.
  6930 | D:9      | Noticed Maurice
  6939 | D:9      | Maurice changed into Maurice the ogre
  6939 | D:9      | Noticed Maurice
  6945 | D:9      | Killed Maurice the ogre
  6999 | D:9      | Found a staircase to the Orcish Mines.
  7026 | D:9      | Gained mutation: You cannot study or use magical devices.
                  | [Ru sacrifice]
  7026 | D:9      | Reached ** piety under Ru
  7026 | D:9      | Reached *** piety under Ru
  7064 | D:9      | Noticed a two-headed ogre
  7105 | D:9      | Killed a two-headed ogre
  7252 | D:9      | Noticed a two-headed ogre
  7272 | D:9      | Killed a two-headed ogre
  7440 | D:9      | Found an iron altar of Okawaru.
  7662 | D:10     | Entered Level 10 of the Dungeon
  7662 | D:10     | Found a staircase to the Lair.
  7675 | D:10     | Noticed Lodul
  8171 | D:10     | Found a bloodstained altar of Trog.
  8215 | D:10     | Noticed a molten gargoyle
  8235 | D:9      | Reached XP level 11. HP: 74/84 MP: 11/11
  8636 | D:10     | Killed Lodul
  8815 | D:10     | Found a faded altar of an unknown god.
  8836 | D:10     | Found a hazy altar of Hepliaklqana.
  8988 | D:11     | Noticed a boulder beetle
  9119 | D:5      | Bought a +4 ring of protection for 432 gold pieces
  9203 | D:7      | Killed a green ugly thing
  9481 | D:11     | Got Neadwipp's Reference Book on United Inhalation
  9607 | D:11     | Killed a boulder beetle
  9740 | D:11     | Noticed a two-headed ogre
  9742 | D:11     | Noticed a manticore
  9751 | D:10     | Reached skill level 10 in Dodging
  9892 | D:11     | Noticed a purple ugly thing
 10105 | D:11     | Killed a brown ugly thing
 10106 | D:11     | Reached skill level 10 in Shapeshifting
 10377 | D:11     | Killed a manticore
 10436 | D:11     | Gained mutation: You are somewhat inexperienced. (-1 XL)
                  | [Ru sacrifice]
 10436 | D:11     | Reached XP level 10. HP: 80/80 MP: 10/10
 10436 | D:11     | Reached **** piety under Ru
 10510 | D:11     | Killed a two-headed ogre
 10841 | Lair:1   | Entered Level 1 of the Lair of Beasts
 10868 | Lair:1   | Reached skill level 10 in Fighting
 10956 | Lair:1   | Noticed Joseph
 11081 | Lair:1   | Killed Joseph
 11082 | Lair:1   | Reached XP level 11. HP: 75/89 MP: 11/11
 11125 | Lair:1   | Noticed Maggie
 11132 | Lair:1   | Killed Maggie
 11189 | Lair:1   | Found a sparkling altar of Nemelex Xobeh.
 11889 | Lair:2   | Found a staircase to the Swamp.
 12218 | Lair:2   | Noticed a dire elephant
 12239 | Lair:2   | Found a runed translucent door.
 12596 | Lair:2   | Gained mutation: Potions are less effective at restoring
                  | your health. [Ru sacrifice]
 12596 | Lair:2   | Reached ***** piety under Ru
 12925 | Lair:3   | Reached skill level 10 in Unarmed Combat
 13400 | Lair:3   | Identified the +5 whip "Ogrebane" {freeze, Fly Int+3
                  | Stlth-}
 13549 | Lair:3   | Found a hole to the Spider Nest.
 13566 | Lair:3   | Reached XP level 12. HP: 84/96 MP: 12/12
 14397 | Lair:4   | Gained mutation: You are hated by all. [Ru sacrifice]
 15132 | Lair:5   | Entered Level 5 of the Lair of Beasts
 15212 | Lair:5   | Identified the +7 hand axe of Expedience {venom, Str+2 SInv
                  | Stlth+}
 15639 | Lair:5   | Noticed Josephine
 15849 | D:5      | Bought a +5 ring of evasion for 432 gold pieces
 16243 | Lair:5   | Reached XP level 13. HP: 106/106 MP: 13/13
 16489 | Lair:5   | Killed Josephine
 17220 | D:12     | Found a gate leading to a gauntlet.
 17230 | Gauntlet | Entered a Gauntlet
 17230 | Gauntlet | Found a transporter.
 17230 | Gauntlet | Found a transporter.
 17235 | Gauntlet | Found a transporter.
 17244 | Gauntlet | Gained mutation: You are weak. (Str -2) [Ru sacrifice]
 17244 | Gauntlet | Reached ****** piety under Ru
 17251 | Gauntlet | Found a transporter.
 17267 | Gauntlet | Found a transporter.
 17280 | Gauntlet | Found a transporter.
 17296 | Gauntlet | Found a transporter.
 17362 | Gauntlet | Found a transporter.
 17377 | Gauntlet | Found a transporter.
 17395 | Gauntlet | Found a transporter.
 17404 | Gauntlet | Found a transporter.
 17420 | Gauntlet | Found a transporter.
 17487 | Gauntlet | Found a transporter.
 17497 | Gauntlet | Found a transporter.
 17531 | Gauntlet | Found a transporter.
 17541 | Gauntlet | Found a transporter.
 17691 | Gauntlet | Identified the ring "Leostraw" {rC+++ rCorr Str-4 Dex+6
                  | Stlth-}
 17696 | Gauntlet | Got the Quarto of the Dragon and Location
 17714 | Gauntlet | Identified the +0 chain mail "Null" {Harm rPois rF+ Will-}
 18034 | D:12     | Noticed Nessos
 18063 | D:12     | Killed Nessos
 19644 | D:14     | Reached XP level 14. HP: 115/116 MP: 14/14
 19688 | D:14     | Found a gate to the Vaults.
 19777 | D:14     | Identified the +7 whip "Hellblazer" {pain, Int+2}
 20127 | D:14     | Found an opulent altar of Gozag.
 20312 | D:15     | Entered Level 15 of the Dungeon
 21133 | D:15     | Found a staircase to the Depths.
 21359 | Orc:1    | Entered Level 1 of the Orcish Mines
 21489 | Orc:1    | Found an iron altar of Okawaru.
 21576 | Orc:1    | Found a frozen archway.
 21590 | IceCv    | Entered an ice cave
 21724 | IceCv    | Found an ancient bone altar of Kikubaaqudgha.
 22467 | Orc:1    | Found a transporter.
 22505 | Orc:1    | Found Mixkanu's Weapon Boutique.
 22601 | Orc:1    | Noticed an orc warlord
 22745 | Orc:2    | Entered Level 2 of the Orcish Mines
 22897 | Orc:2    | Found a staircase to the Elven Halls.
 23155 | Orc:2    | Paralysed by an orc sorcerer for 3 turns
 23456 | Orc:2    | Found Daopt's Book Emporium.
 23456 | Orc:2    | Found Hounlah's Armour Boutique.
 23463 | Orc:2    | Found Kaysempo's Antique Armour Emporium.
 23463 | Orc:2    | Found Fosuses's Assorted Antiques.
 23835 | Spider:1 | Entered Level 1 of the Spider Nest
 23911 | Spider:1 | Reached XP level 15. HP: 79/120 MP: 15/15
 25414 | Spider:2 | Reached skill level 15 in Fighting
 25449 | Spider:2 | Identified the +6 mace of Fate {pain, Str+3}
 25495 | Spider:2 | Reached skill level 15 in Unarmed Combat
 26269 | Spider:3 | Noticed Asterion
 26291 | Spider:3 | Killed Asterion
 26292 | Spider:3 | Reached skill level 15 in Dodging
 27047 | Spider:3 | Noticed Mara
 27067 | Spider:3 | Killed Mara
 27232 | Spider:3 | Found a runed translucent door.
 27233 | Spider:3 | Noticed Sapher's ghost (journeyman SpDe)
 27655 | Spider:4 | Entered Level 4 of the Spider Nest
 27867 | Spider:4 | Reached XP level 16. HP: 134/134 MP: 16/16
 28383 | Spider:4 | Identified the +3 leather armour of Agnosticism {Dex+5}
 29137 | Spider:4 | Got a gossamer rune of Zot
 29394 | Swamp:1  | Entered Level 1 of the Swamp
 29786 | Swamp:1  | Reached skill level 15 in Shapeshifting
 30274 | Swamp:2  | Noticed Frances
 30509 | Swamp:2  | Killed Frances
 31094 | Swamp:2  | Reached XP level 17. HP: 125/126 MP: 17/17
 31733 | Swamp:4  | Entered Level 4 of the Swamp
 32247 | Swamp:4  | Identified the +5 plate armour of the Protecting Gods {rC+
                  | rN+}
 32636 | Swamp:4  | Noticed a tentacled monstrosity
 32645 | Swamp:4  | Killed a tentacled monstrosity
 32648 | Swamp:4  | Got a decaying rune of Zot
 33049 | Vaults:1 | Entered Level 1 of the Vaults
 33183 | Vaults:1 | Noticed Saint Roka
 33202 | Vaults:1 | Killed Saint Roka
 33788 | Vaults:1 | Reached XP level 18. HP: 121/151 MP: 18/18
 34090 | Vaults:1 | Found the +4 Cigotuvi's embrace {Corpsefed rMiasma Drain
                  | rN+}
 34699 | Vaults:1 | Found a runed translucent gate.
 34699 | Vaults:1 | Found a runed translucent gate.
 34699 | Vaults:1 | Found a runed translucent gate.
 34701 | Vaults:1 | Noticed Kejiv's ghost (adept AtNe)
 36456 | Vaults:2 | Reached XP level 19. HP: 161/161 MP: 19/19
 36748 | Vaults:2 | Identified the +7 arbalest of Fury {flame, Fragile rPois
                  | Str-2 Int+6}
 37389 | D:5      | Bought a ring of willpower for 300 gold pieces
 37389 | D:5      | Bought an amulet of regeneration for 360 gold pieces
 37745 | Vaults:3 | Found a staircase to the Crypt.
 38587 | Vaults:3 | Identified the +9 arbalest "Yfokuag" {heavy, *Slow rElec
                  | Dex+9 SInv}
 39476 | Vaults:4 | Reached XP level 20. HP: 132/158 MP: 20/20
 40276 | Depths:1 | Entered Level 1 of the Depths
 40276 | Depths:1 | Noticed a golden dragon
 40290 | Depths:1 | Killed a golden dragon
 40450 | Depths:1 | Found a sacrificial altar of Ru.
 40685 | Depths:1 | Found a one-way gateway to a ziggurat.
 40960 | Depths:1 | Found a gateway to Hell.
 40974 | Depths:1 | Noticed Sojobo
 40989 | Depths:1 | Killed Sojobo
 41315 | Depths:2 | Found a one-way gate leading to the halls of Pandemonium.
 41457 | Depths:2 | Identified a scroll of acquirement
 41490 | Depths:2 | Acquired a ring of protection from fire
 41667 | Depths:2 | Found Nuniske's Antique Armour Boutique.
 42529 | Depths:3 | Reached XP level 21. HP: 171/180 MP: 21/21
 42561 | Depths:3 | Found a one-way gate to the infinite horrors of the Abyss.
 42692 | Depths:4 | Entered Level 4 of the Depths
 43026 | Depths:3 | Found an opulent altar of Gozag.
 43026 | Depths:3 | Found a snail-covered altar of Cheibriados.
 43027 | Depths:3 | Found a shimmering blue altar of Sif Muna.
 43077 | Depths:3 | Noticed a caustic shrike
 43083 | Depths:3 | Killed a caustic shrike
 43119 | Depths:3 | Noticed a caustic shrike
 43123 | Depths:3 | Killed a caustic shrike
 43304 | Depths:3 | Noticed an ancient lich
 43322 | Depths:3 | Killed an ancient lich
 43410 | Depths:3 | Identified the +1 leather armour "Enweto" {rC+ Str+3}
 43410 | Depths:3 | Noticed a caustic shrike
 43419 | Depths:3 | Killed a caustic shrike
 43906 | Depths:4 | Noticed a golden dragon
 44008 | Depths:4 | Reached XP level 22. HP: 177/179 MP: 22/22
 44016 | Depths:4 | Noticed a golden dragon
 44025 | Depths:4 | Killed a golden dragon
 44158 | Depths:4 | Killed a golden dragon
 44280 | Depths:4 | Found a gateway to a bazaar.
 44468 | Depths:4 | Found a gate to the Realm of Zot.
 44580 | Bazaar   | Entered a bazaar
 44580 | Bazaar   | Found Nilugg's Antique Armour Shop.
 44592 | Bazaar   | Found Cohewn's Assorted Antiques.
 44595 | Bazaar   | Found Awelang's Book Shop.
 44632 | Bazaar   | Found Boffoipp's General Store.
 44640 | Bazaar   | Bought a potion of curing for 42 gold pieces
 44711 | Depths:3 | Voluntarily entered the Abyss.
 44711 | Abyss:1  | Found a corrupted altar of Lugonu.
 44802 | Depths:3 | Escaped the Abyss
 44804 | Depths:3 | Voluntarily entered the Abyss.
 44893 | Abyss:3  | Found a corrupted altar of Lugonu.
 45002 | Abyss:3  | Got an abyssal rune of Zot
 45011 | Depths:3 | Escaped the Abyss
 45093 | Zot:1    | Entered Level 1 of the Realm of Zot
 45117 | Zot:1    | Noticed a golden dragon
 45120 | Zot:1    | Killed a golden dragon
 45175 | Zot:1    | Found a transporter.
 45223 | Zot:1    | Found a transporter.
 45243 | Zot:1    | Noticed a golden dragon
 45252 | Zot:1    | Killed a golden dragon
 45277 | Zot:1    | Noticed a golden dragon
 45281 | Zot:1    | Killed a golden dragon
 45299 | Zot:1    | Noticed Parghit
 45316 | Zot:1    | Killed Parghit
 45413 | Zot:1    | Found a transporter.
 45575 | Zot:1    | Noticed a Killer Klown
 45595 | Zot:1    | Killed a Killer Klown
 45640 | Zot:1    | Noticed an orb of fire
 45659 | Zot:1    | Killed an orb of fire
 46104 | Zot:1    | Noticed a golden dragon
 46114 | Zot:1    | Killed a golden dragon
 46239 | Zot:2    | Found a runed translucent door.
 46240 | Zot:2    | Found a shimmering altar of Xom.
 46240 | Zot:2    | Noticed Vanouxzi's ghost (master DsGl)
 46241 | Zot:2    | Identified the +7 rapier of Dishonesty {chaos, Will+ Str-4
                  | Dex+3}
 46253 | Zot:2    | Noticed a golden dragon
 46262 | Zot:2    | Killed a golden dragon
 46617 | Zot:2    | Reached XP level 23. HP: 175/187 MP: 23/23
 47033 | Zot:2    | Killed Vanouxzi's ghost
 48260 | Zot:4    | Acquired 1096 gold pieces
 49326 | Zot:5    | Entered Level 5 of the Realm of Zot
 49919 | Zot:5    | Noticed an ancient lich
 49923 | Zot:5    | Noticed an ancient lich
 49925 | Zot:5    | Killed an ancient lich
 49938 | Zot:5    | Killed an ancient lich
 50006 | Zot:5    | Noticed a Killer Klown
 50008 | Zot:5    | Noticed a Killer Klown
 50012 | Zot:5    | Noticed an ancient lich
 50018 | Zot:5    | Killed a Killer Klown
 50020 | Zot:5    | Killed a Killer Klown
 50021 | Zot:5    | Killed an ancient lich
 50022 | Zot:5    | Reached XP level 24. HP: 197/207 MP: 23/23
 50023 | Zot:5    | Noticed an orb of fire
 50033 | Zot:5    | Killed an orb of fire
 50048 | Zot:5    | Noticed an orb of fire
 50056 | Zot:5    | Noticed an ancient lich
 50066 | Zot:5    | Killed an orb of fire
 50080 | Zot:5    | Killed an ancient lich
 50188 | Zot:5    | Noticed a Killer Klown
 50190 | Zot:5    | Noticed an orb of fire
 50194 | Zot:5    | Noticed an orb of fire
 50201 | Zot:5    | Killed a Killer Klown
 50206 | Zot:5    | Killed an orb of fire
 50206 | Zot:5    | Killed an orb of fire
 50207 | Zot:5    | Noticed a dread lich
 50226 | Zot:5    | Killed a dread lich
 50233 | Zot:5    | Noticed an ancient lich
 50233 | Zot:5    | Noticed a dread lich
 50239 | Zot:5    | Killed a dread lich
 50247 | Zot:5    | Killed an ancient lich
 50554 | Zot:5    | Got the Orb of Zot
 50785 | Depths:3 | Noticed Cir Tukla the pandemonium lord
 51010 | D:5      | Noticed Qavizuro the pandemonium lord
 51024 | D:5      | Killed Qavizuro the pandemonium lord
 51090 | D:1      | Noticed Ojuwn the pandemonium lord
 51098 | D:1      | Killed Ojuwn the pandemonium lord
 51104 | D:1      | Noticed Kycwat the pandemonium lord
 51114 | D:1      | gg
 51115 | D:$      | Escaped with the Orb!

Illustrated notes

........#
#...##...
........#
#......##
........#
###....#.##
........#####
#......#.##
............#
#####.##...#.##
............#
####...x{#....#...
##..........#
#....####.x...##.#
......#######
#'#..####........#
...........#
#v#....##.......##
...........#
#'#.##.##....x..#
...........#
#...##.##.#....##
...........#
######....#....#
...........#
######.######
...........#
#.#.....
......†.÷÷.###
#.#.....
....[........#
#.#.....
..[..........#
##.#.....


Turn 51114 on D:1: gg

Levels and vault maps discovered:
D:1:      dpeg_arrival_tiny_c, layout_basic, minmay_cut_off
D:2:      layout_rooms, uniq_terence
D:3:      layout_basic, jmf_multi_god_temple2,
          mainiacjoe_overflow_concentric_impassable,
          mainiacjoe_overflow_tiny_flanked
D:4:      layout_basic, tso_oasis_becter, nicolae_kikubaaqudgha_miasma_corner
D:5:      minmay_razor_zed, layout_loops_ring, nicolae_qazlal_beasts_of_the_sky,
          serial_shops, kennysheep_mini_moat
D:6:      layout_rooms, mainiacjoe_overflow_alcove_4, kennysheep_little_box,
          minmay_temple_entry_offerings
D:7:      layout_loops_cross, nicolae_overflow_hidden_temple,
          gammafunk_ghost_cemetery, serial_shops, shop, roderic_lattice_a
D:8:      layout_gridville, nicolae_overflow_crystal_walls,
          mainiacjoe_overflow_boulevard
D:9:      layout_roguey, lemuel_coloured_pillars_altar,
          nicolae_vehumet_radiance, orc_0_dummy, kennysheep_nondescript,
          minivault_16, uniq_maurice
D:10:     layout_cave_pools, beargit_hepliaklqana_dungeon_heroes,
          mainiacjoe_overflow_surrounded_room, lair_entry_dummy,
          nicolae_elevator_lobby_asterisk, uniq_lodul
D:11:     layout_gridville, serial_bayou, serial_bayou_lake_a,
          serial_bayou_shore_a, serial_bayou_pond_a, serial_bayou_pond_e
D:12:     layout_stronghold, gauntlet_entry_generic, uniq_nessos
D:13:     layout_basic
D:14:     nicolae_BIG_FREAKIN_CUBE, layout_basic, erik_vaults_1,
          hangedman_abyss_or_decor_passed,
          nicolae_gozag_cash_rules_everything_around_me
D:15:     hangedman_depths_entry_civil_slaughter, layout_cave_pools,
          hangedman_glass_teeth
Lair:1:   layout_cave_shapes, lemuel_oklob_altar, uniq_joseph, uniq_maggie
Lair:2:   gammafunk_lair_enchanted_lake, layout_gridlike, swamp_mist,
          serial_rivers, chequers_serial_rivers_large_a,
          chequers_serial_rivers_small_3, chequers_serial_rivers_small_3,
          chequers_serial_rivers_small_b
Lair:3:   layout_chaotic_city, nicolae_spider_entry_tight_spaces,
          infiniplex_staircase_pool_2, grunt_megastairs_5
Lair:4:   layout_hall_layers, minmay_slime_entry_oklob_enclosed, st_stairs_3,
          grunt_megastairs_1
Lair:5:   evilmike_catoblepas_cave, layout_loops_ring, uniq_josephine
Swamp:1:  nicolae_swamp_standing_stones, layout_falls_marsh,
          nicolae_swamp_dense_foliage
Swamp:2:  layout_basic_swamp, evilmike_swamp_ruin_rubble_2, swamp_pool1,
          uniq_frances
Swamp:3:  layout_basic_swamp, hangedman_swamp_lotus
Swamp:4:  swamp_vile, layout_basic_swamp, infiniplex_staircase_pool
Spider:1: layout_chambers
Spider:2: layout_spider_delve, spiders_nest_hornet_nest
Spider:3: layout_cave_pods, gammafunk_ghost_grave, nicolae_spider_orb_run,
          uniq_asterion, uniq_mara
Spider:4: grunt_spider_rune_circles, nicolae_spider_stair_cavern
Orc:1:    gammafunk_beogh_shrine, layout_diamond_mine, serial_shops,
          nicolae_shop_just_a_little_nook, portal_ice_cave_demonic_guard,
          okawaru_metal_pillars_3
Orc:2:    grunt_orc_tribal_feast, layout_diamond_mine, minmay_orc_temple_b
Vaults:1: ebering_ghost_rock_garden, hangedman_vaults_trim,
          vaults_mumra_minichess, st_octagons_1, nicolae_vaults_border_crossing,
          nicolae_vaults_network_s, nicolae_vaults_turnstiles,
          ontoclasm_vaults_idyll, vaults_room_semicircle,
          ontoclasm_vaults_idyll, hangedman_vaults_slice,
          ontoclasm_vaults_loading_screen, layout_vaults_omnigrid,
          uniq_saint_roka
Vaults:2: nicolae_vaults_three_branches,
          nicolae_vaults_variable_pillar_hall_cross, nicolae_vaults_trapezoid_3,
          v_misc_11, vaults_dpeg_encased_lava, nicolae_vaults_apartment_2,
          nicolae_vaults_heart-shaped_vault, vaults_mumra_chevron_long,
          nicolae_vaults_storage_room_statues, vaults_room_pool,
          nicolae_vaults_little_squares_4, nicolae_vaults_more_shelving_1,
          nicolae_vaults_apartment_1, vaults_standard_mumra_enter_the_diamond,
          ontoclasm_vaults_ligature, nicolae_vaults_six-pack,
          nicolae_vaults_display_case, layout_vaults_big_cross
Vaults:3: nicolae_vaults_closet_pinwheel_2, minmay_crypt_entry_vampire_xt,
          nicolae_vaults_arrows, nicolae_vaults_spaceships,
          nicolae_vaults_oval_intersection, v_misc_25,
          nicolae_vaults_layer_cake_slice, hangedman_vaults_nails,
          nicolae_vaults_yaktaur_gun_rack, nicolae_vaults_house_1,
          vaults_dpeg_hooks, layout_vaults_omnibox
Vaults:4: nicolae_vaults_triangles, nicolae_vaults_alarming,
          nicolae_vaults_trapezoid_lopsided_3, nicolae_vaults_tetromino_Z_2,
          nicolae_vaults_network_star, vaults_dpeg_diagonal, serial_ice_m,
          nicolae_vaults_an_arrangement, hangedman_vaults_cutoff,
          vaults_room_grunt_arrival_checkpoint, serial_ice_h,
          nicolae_vaults_circle_grid_b, ontoclasm_vaults_chip,
          nicolae_vaults_storage_room_glass, layout_vaults_maze_bifur
Depths:1: layout_gridlike, enter_ziggurat_b, hell_entry,
          minmay_misc_feat_rugged, nicolae_ru_awakened_eye,
          kennysheep_random_hallway, uniq_sojobo
Depths:2: nicolae_moon_pools, layout_basic, grunt_decor_junction,
          rand_demon_pan_entry_8, serial_shops, shop, hell_entry,
          patterned_corridor
Depths:3: hangedman_slaughterboxes, abyss_entry, hell_entry
Depths:4: grunt_crosshair, layout_cave_pools, hell_entry, serial_shops,
          bzr_entry_water, corexii_leaking_fountain
Zot:1:    grunt_zot_stairs_mandelzot, layout_twisted_circle,
          nicolae_diode_intersection, uniq_parghit
Zot:2:    layout_misc_corridors, ebering_ghost_xom, grunt_ministairs_3
Zot:3:    layout_onion_interference, grunt_megastairs_4
Zot:4:    layout_gridlike
Zot:5:    layout_misc_corridors, grunt_ministairs_14

Skill      XL: |  1  2  3  4  5  6  7  8  9 10 11 12 13 14 15 16 17 18 19 20 21 22 23 24 |
---------------+-------------------------------------------------------------------------+-----
Stealth        | 1 2 4 |  4.0
Fighting       | 2 3 5 6 10 12 13 14 15 16 17 18 19 20 21 22 23 | 23.3
Unarmed Combat | 4 5 6 8 10 12 13 14 15 16 17 18 19 20 21 22 23 | 23.3
Dodging        | 3 4 5 6 7 8 12 13 15 16 17 18 19 20 | 20.0
Shapeshifting  | 4 7 8 10 11 14 15 16 18 19 21 23 | 23.0

Action                     |  1- 3 |  4- 6 |  7- 9 | 10-12 | 13-15 | 16-18 | 19-21 | 22-24 || total
---------------------------+-------+-------+-------+-------+-------+-------+-------+-------++-------
  Melee: Unarmed           |    64 |   111 |   192 |   792 |  1026 |  1067 |  1169 |   917 ||  5338
         Tentacles         |    12 |    28 |    64 |   259 |   296 |   344 |   422 |   242 ||  1667
         Constrict         |    12 |    30 |    41 |   114 |   197 |   146 |   159 |    84 ||   783
         Punch             |     3 |     6 |    11 |    45 |   136 |   158 |   220 |   210 ||   789
         Maw               |       |       |       |   150 |    99 |       |       |       ||   249
 Invoke: Sacrifice Arcana  |       |       |     1 |       |       |       |       |       ||     1
         Draw Out Power    |       |       |       |     4 |     2 |     5 |       |     2 ||    13
         Sacrifice Artific |       |       |       |     1 |       |       |       |       ||     1
         Sacrifice Experie |       |       |       |     1 |       |       |       |       ||     1
         Power Leap        |       |       |       |     3 |     3 |     2 |       |       ||     8
         Sacrifice Purity  |       |       |       |     1 |     1 |       |       |       ||     2
         Sacrifice Love    |       |       |       |     1 |       |       |       |       ||     1
         Apocalypse        |       |       |       |       |     5 |     4 |     6 |     2 ||    17
Ability: Blinkbolt         |       |       |       |       |       |       |       |     1 ||     1
  Evoke: Wand              |       |       |       |     1 |       |       |       |       ||     1
    Use: Scroll            |     2 |     4 |     3 |    10 |    11 |     4 |     2 |     6 ||    42
         Potion            |     1 |     1 |     3 |     1 |     4 |     1 |       |    10 ||    21
   Stab: Sleeping          |     5 |    19 |     3 |     8 |    20 |    21 |    13 |     5 ||    94
         Distracted        |       |       |     2 |     5 |    15 |    13 |    15 |    17 ||    67
         Invisible         |       |       |       |     2 |     1 |     6 |     4 |     4 ||    17
         Paralysed         |       |       |       |     1 |     3 |     4 |    10 |     5 ||    23
         Petrified         |       |       |       |       |     2 |       |       |       ||     2
         Petrifying        |       |       |       |       |     1 |       |       |       ||     1
         Confused          |       |       |       |       |       |       |       |     5 ||     5
 Armour: Skin              |     4 |     4 |    24 |    78 |   128 |    80 |    65 |    45 ||   428
  Dodge: Dodged            |    24 |    40 |   119 |   676 |  1003 |  1151 |  1256 |  1067 ||  5336
  Block: Other             |       |    10 |    23 |   133 |   171 |   178 |     5 |       ||   520
         Reflection        |       |     1 |       |     1 |     9 |     6 |     1 |       ||    18
   Form: Flux              |       |       |     1 |     1 |       |       |       |       ||     2
         Beast             |       |       |       |     1 |       |       |       |       ||     1
         Maw               |       |       |       |     1 |       |       |       |       ||     1
         Blade             |       |       |       |       |     1 |       |       |       ||     1
         Storm             |       |       |       |       |       |       |       |     1 ||     1

Table legend: (Time is in decaauts)
 A = Elapsed time spent in this place.
 B = Non-inter-level travel time spent in this place.
 C = Inter-level travel time spent in this place.
 D = Time resting spent in this place.
 E = Time spent auto-exploring this place.
 F = Levels seen in this place.
 G = Mean time per level.
                   A        B        C        D        E       F      G
               +--------+--------+--------+--------+--------+-----+--------+
         Total |  49621 |  45078 |   4543 |  10164 |  23339 |  50 |  992.4 |
       Dungeon |  15713 |  13557 |   2156 |   3263 |   6901 |  15 | 1047.5 |
          Lair |   6052 |   5390 |    662 |    869 |   3226 |   5 | 1210.4 |
         Swamp |   3385 |   3237 |    148 |   1126 |   1300 |   4 |  846.2 |
   Spider Nest |   5360 |   5185 |    175 |   1562 |   2648 |   4 | 1340.0 |
  Orcish Mines |   1593 |   1469 |    124 |    215 |    852 |   2 |  796.5 |
        Vaults |   6421 |   5858 |    563 |   1402 |   3110 |   4 | 1605.2 |
        Depths |   4313 |   3810 |    503 |    558 |   2007 |   4 | 1078.2 |
           Zot |   5250 |   5042 |    208 |    901 |   2716 |   5 | 1050.0 |
         Abyss |    253 |    253 |      0 |      0 |      0 |   4 |   63.2 |
        Bazaar |     67 |     67 |      0 |      0 |     56 |   1 |   67.0 |
      Ice Cave |    713 |    713 |      0 |    248 |    219 |   1 |  713.0 |
      Gauntlet |    497 |    497 |      0 |     18 |    303 |   1 |  497.0 |
               +--------+--------+--------+--------+--------+-----+--------+

Top non-repeatable levels by time:
Vaults:1: 2650 daAuts
Spider:3: 1878 daAuts
    D:10: 1736 daAuts
Depths:3: 1594 daAuts
Vaults:2: 1523 daAuts
Spider:1: 1518 daAuts
    D:14: 1501 daAuts
     D:5: 1490 daAuts
  Lair:5: 1461 daAuts
Spider:4: 1418 daAuts
Vaults:3: 1388 daAuts
  Lair:2: 1376 daAuts
     D:9: 1349 daAuts
     D:7: 1248 daAuts
  Lair:1: 1216 daAuts
